 Dungeon Crawl Stone Soup version 0.16.1-30-g34a7ffa (webtiles) character file.

7447 Mysteryquy the Severer (level 10, -15/90 HPs)
             Began as a Minotaur Fighter on June 27, 2015.
             Was an Elder of Okawaru.
             Demolished by a hill giant
             ... wielding a +0 giant club
              (18 damage)
             ... on level 10 of the Dungeon.
             The game lasted 00:15:57 (6860 turns).

Mysteryquy the Severer (Minotaur Fighter)           Turns: 6860, Time: 00:15:57

Health: -15/90     AC: 16    Str: 24    XL:     10   Next: 93%
Magic:  4/4        EV:  5    Int:  5    God:    Okawaru [****..]
Gold:   341        SH:  9    Dex: 10    Spells: 0 memorised, 9 levels left

rFire  + . .     SeeInvis .     H - +2 hand axe "Orchaum" {freeze, *Rage rF+ rN+}
rCold  . . .     Rnd*Rage +     F - +0 plate armour
rNeg   + . .     SustAb   .     c - +0 shield
rPois  .         Gourm    .     R - +1 hat
rElec  .         Spirit   .     (no cloak)
rCorr  .         Warding  .     (no gloves)
rMut   .         Stasis   .     I - +1 pair of boots
MR     +....                    J - amulet of regeneration
Stlth  ..........               (no ring)
                                O - ring of protection from magic

@: exhausted, slowed, very slow, somewhat resistant to hostile enchantments,
extremely unstealthy
A: retaliatory headbutt, horns 2
a: Heroism, Renounce Religion


You were on level 10 of the Dungeon.
You worshipped Okawaru.
Okawaru was greatly pleased with you.
You were not hungry.

You visited 2 branches of the dungeon, and saw 11 of its levels.

You collected 341 gold pieces.

Inventory:

Hand weapons
 a - a +0 war axe
 y - a +2 hand axe of electrocution
 H - the +2 hand axe "Orchaum" (weapon) {freeze, *Rage rF+ rN+}
   (You found it on level 4 of the Dungeon)

   It has been specially enchanted to freeze those struck by it, causing extra
   injury to most foes and up to half again as much damage against particularly
   susceptible opponents.
   It can also slow down cold-blooded creatures.
   It protects you from fire.
   It protects you from negative energy.
   It may make you go berserk in combat.
 S - a +2 antimagic hand axe
 T - a +0 antimagic hand axe
Armour
 b - a +0 scale mail
 c - a +0 shield (worn)
 F - a +0 plate armour (worn)
 I - a +1 pair of boots (worn)
 R - a +1 hat (worn)
Jewellery
 J - an amulet of regeneration (around neck)
 O - a ring of protection from magic (left hand)
Magical devices
 v - a wand of frost (19)
 w - a wand of random effects (19)
 K - a wand of confusion (14)
Scrolls
 h - 6 scrolls of remove curse
 m - 3 scrolls of teleportation
 o - a scroll of immolation
 p - 2 scrolls of enchant armour
 q - 3 scrolls of fog {unknown}
 u - 3 scrolls of noise {unknown}
 x - 5 scrolls of magic mapping
 C - 2 scrolls of fear
 D - 2 scrolls of random uselessness {unknown}
 G - 2 scrolls of blinking {unknown}
 N - 2 scrolls of identify
 P - a scroll of enchant weapon {unknown}
 Q - a scroll of summoning {unknown}
Potions
 e - a potion of might
 f - 3 potions of haste {unknown}
 g - 3 potions of curing {unknown}
 i - 2 potions of ambrosia {unknown}
 j - a potion of beneficial mutation {unknown}
 l - 3 potions of magic {unknown}
 n - a potion of heal wounds {unknown}
 s - 3 potions of flight {unknown}
 t - a potion of poison {unknown}
 B - 3 potions of resistance {unknown}
Books
 A - a book of Battle

   Spells                             Type                      Level
   a - Infusion                       Charms                       1
   b - Shroud of Golubria             Charms/Translocation         2
   c - Song of Slaying                Charms                       2
   d - Spectral Weapon                Hexes/Charms                 3
   e - Regeneration                   Charms/Necromancy            3
 L - a book of Callings

   Spells                             Type                      Level
   a - Summon Small Mammal            Summoning                    1
   b - Call Imp                       Summoning                    2
   c - Call Canine Familiar           Summoning                    3
   d - Summon Guardian Golem          Hexes/Summoning              4
   e - Summon Lightning Spire         Summoning/Air                4
   f - Summon Ice Beast               Ice/Summoning                4
Comestibles
 d - 2 bread rations
 k - 2 royal jellies
 r - 5 meat rations
 z - 10 fruits
 E - 4 beef jerkies
 M - 4 chunks of flesh


   Skills:
 + Level 8.4 Fighting
 + Level 16.2 Axes
 + Level 7.9 Armour
 - Level 1.9 Dodging
 - Level 3.6 Shields


You had 9 spell levels left.
You didn't know any spells.

Dungeon Overview and Level Annotations

Branches:
Dungeon (10/15)            Temple (1/1) D:4             Orc (0/4) D:9
   Lair: D:8-11

Altars:
Ashenzari
Cheibriados
Dithmenos
Elyvilon
Fedhas
Gozag
Kikubaaqudgha
Makhleb
Nemelex Xobeh
Okawaru
Qazlal
Ru
Sif Muna
Trog
Vehumet
Xom
Yredelemnul
Zin
The Shining One


Innate Abilities, Weirdness & Mutations

You reflexively headbutt those who attack you in melee.
You have a pair of horns on your head.


Message History

You headbutt the hill giant.
The hill giant is moderately wounded.
You slash the hill giant! You freeze the hill giant.
Your headbutt misses the hill giant.
The hill giant is moderately wounded.
You block the hill giant's attack.
You slash the hill giant! You freeze the hill giant.
The hill giant is heavily wounded.
The hill giant hits you with a giant club!
* * * LOW HITPOINT WARNING * * *
You slash the hill giant! You freeze the hill giant.
The hill giant is severely wounded.
You hit the hill giant. You freeze the hill giant.
The hill giant is almost dead.
You block the hill giant's attack.
You hit the hill giant. You freeze the hill giant.
Your headbutt misses the hill giant.
The hill giant is almost dead.
The hill giant hits you with a giant club!!
You die...

#.......#.....<#
#.......#......#
#.....รท.#......#
+.......#..#####
#.......#..#
#.....>.#.##
#.......#.#
#....#'##.#
##+###.@).#
........C..#
..........#
..........#
...........
###########


You could see a hill giant.

Vanquished Creatures
  A hill giant (D:6)
  Pikel (D:5)
  An efreet (D:9)
  A troll (D:9)
  A wyvern (D:10)
  The ghost of CcS the Gusty, an average TeAE (D:4)
  A hungry ghost (D:8)
  11 yaks
  2 hippogriffs
  3 eyes of draining (D:9)
  3 ice beasts
  2 sky beasts
  3 orc warriors
  2 phantoms (D:9)
  5 ogres
  2 centaurs
  6 giant frogs
  A wyvern skeleton (D:6)
  A scorpion (D:8)
  2 troll zombies (D:9)
  A jelly (D:9)
  4 goliath beetles
  3 wights (D:9)
  6 crimson imps
  7 orc priests
  An iguana (D:8)
  5 orc wizards
  4 hounds
  3 worker ants
  6 ogre zombies (D:9)
  A hound zombie (D:5)
  2 worker ant zombies (D:8)
  4 gnolls (D:8)
  9 adders
  2 shadow imps
  2 giant mites
  4 worms
  2 adder skeletons
  3 giant geckos
  An ooze (D:3)
  18 orcs
  14 bats
  5 bat skeletons
  8 goblins
  7 hobgoblins
  12 jackals
  2 quokkas
  2 ball pythons
  6 giant cockroaches
  3 giant newts
  2 gnoll zombies (D:6)
  3 goblin skeletons (D:9)
  2 goblin zombies (D:9)
  A hobgoblin skeleton (D:9)
  2 hobgoblin zombies (D:9)
  A jackal skeleton (D:4)
  19 kobolds
  3 orc skeletons (D:9)
  14 orc zombies (D:9)
  A quokka skeleton (D:3)
  A quokka zombie (D:9)
  9 rats
255 creatures vanquished.

Vanquished Creatures (others)
  An ice beast (D:5)
1 creature vanquished.

Grand Total: 256 creatures vanquished

Notes
Turn   | Place    | Note
--------------------------------------------------------------
     0 | D:1      | Mysteryquy, the Minotaur Fighter, began the quest for the Orb.
     0 | D:1      | Reached XP level 1. HP: 19/19 MP: 1/1
    93 | D:1      | Reached XP level 2. HP: 26/26 MP: 1/1
   498 | D:2      | Reached skill level 4 in Axes
   533 | D:2      | Found a shimmering altar of Xom.
   590 | D:2      | Reached XP level 3. HP: 31/31 MP: 2/2
   617 | D:2      | Found a snail-covered altar of Cheibriados.
   638 | D:2      | Found a white marble altar of Elyvilon.
   639 | D:2      | Found a radiant altar of Vehumet.
   661 | D:2      | Reached skill level 1 in Dodging
   831 | D:2      | Reached XP level 4. HP: 22/39 MP: 2/2
  1245 | D:3      | Reached skill level 5 in Axes
  1583 | D:3      | Reached XP level 5. HP: 39/45 MP: 2/2
  1707 | D:3      | Reached skill level 6 in Axes
  2066 | D:4      | Noticed CcS's ghost (average TeAE)
  2076 | D:4      | Killed CcS's ghost
  2076 | D:4      | Reached skill level 7 in Axes
  2076 | D:4      | Reached XP level 6. HP: 38/51 MP: 3/3
  2077 | D:4      | Found a shadowy altar of Dithmenos.
  2194 | D:4      | Found a staircase to the Ecumenical Temple.
  2205 | Temple   | Entered the Ecumenical Temple
  2282 | D:4      | You fall through a shaft!
  2282 | D:5      | Entered Level 5 of the Dungeon
  2289 | D:5      | Noticed Pikel
  2298 | D:5      | Killed Pikel
  2298 | D:5      | Reached skill level 10 in Axes
  2298 | D:5      | Reached XP level 7. HP: 49/57 MP: 3/3
  2450 | D:4      | Got a crystal hand axe
  2559 | D:4      | Found a burning altar of Makhleb.
  2744 | D:4      | Identified the +2 hand axe "Orchaum" {freeze, *Rage rF+ rN+} (You found it on level 4 of the Dungeon)
  2880 | D:5      | Reached XP level 8. HP: 64/64 MP: 3/3
  2926 | D:5      | Reached skill level 11 in Axes
  3352 | D:6      | Found a deep blue altar of Sif Muna.
  3360 | D:6      | Reached skill level 12 in Axes
  3373 | D:6      | Noticed a hill giant
  3385 | D:6      | Killed a hill giant
  3385 | D:6      | Reached skill level 13 in Axes
  3488 | D:6      | Reached XP level 9. HP: 44/71 MP: 4/4
  3712 | D:6      | Found a basalt altar of Yredelemnul.
  3813 | D:6      | Found an iron altar of Okawaru.
  3825 | D:6      | Became a worshipper of Warmaster Okawaru
  4211 | D:6      | Found a glowing silver altar of Zin.
  4762 | D:7      | Reached skill level 14 in Axes
  5032 | D:8      | Acquired Okawaru's first power
  5032 | D:8      | Reached skill level 5 in Fighting
  5115 | D:8      | Reached skill level 5 in Armour
  5787 | D:9      | Reached XP level 10. HP: 54/83 MP: 4/4
  5795 | D:8      | Reached skill level 15 in Axes
  5894 | D:9      | Found a sparkling altar of Nemelex Xobeh.
  5997 | D:9      | Found a staircase to the Orcish Mines.
  6131 | D:9      | Found an opulent altar of Gozag.
  6374 | D:9      | Noticed an efreet
  6385 | D:9      | Killed an efreet
  6478 | D:9      | Found a bloodstained altar of Trog.
  6487 | D:9      | Reached skill level 16 in Axes
  6779 | D:10     | Entered Level 10 of the Dungeon
  6851 | D:10     | Noticed a hill giant
  6857 | D:10     | HP: 1/90 [hill giant/giant club (15)]
  6860 | D:10     | Demolished by a hill giant

Action                   |  1- 3 |  4- 6 |  7- 9 | 10-12 || total
-------------------------+-------+-------+-------+-------++-------
Melee: War axe           |    92 |    21 |       |       ||   113
       Hand axe          |       |    82 |   324 |   214 ||   620
  Use: Scroll            |       |       |     8 |       ||     8
  Eat: Chunk             |       |     4 |    15 |     9 ||    28
